 Dungeon Crawl Stone Soup version 0.30.1 (webtiles) character file.

Game seed: 16687361854627027725

195 Graphine the Chopper (level 5, -9/47 HPs)
             Began as a Hill Orc Fighter on July 6, 2023.
             Was an Initiate of Makhleb.
             Mangled by an orc wizard
             ... wielding a +2 dagger of electrocution
              (14 damage)
             ... on level 4 of the Dungeon.
             The game lasted 00:04:37 (2839 turns).

Graphine the Chopper (Hill Orc Fighter)             Turns: 2839, Time: 00:04:39

Health: -9/47      AC: 11    Str: 21    XL:     5   Next: 74%
Magic:  6/6        EV:  8    Int:  8    God:    Makhleb [......]
Gold:   92         SH:  9    Dex: 10    Spells: 4/4 levels left

rFire   . . .        a - +1 war axe
rCold   . . .        c - +0 buckler
rNeg    . . .        m - +0 chain mail
rPois   +            e - +0 helmet
rElec   .            (no cloak)
rCorr   .            o - +0 pair of gloves
SInv    .            (no boots)
Will    .....        g - amulet of reflection Stlth
                     h - ring of poison resistance
HPRegen 0.27/turn    (no ring)
MPRegen 0.10/turn

%: reflection
@: no status effects
A: no striking features
a: Renounce Religion


You were on level 4 of the Dungeon.
You worshipped Makhleb.
Makhleb was noncommittal.
You visited 1 branch of the dungeon, and saw 4 of its levels.

You collected 92 gold pieces.

Inventory:

Hand Weapons
 a - a +1 war axe (weapon)
 d - a +4 quarterstaff of chaos
 l - a +0 flail of pain
Missiles
 j - 3 boomerangs (quivered)
Armour
 c - a +0 buckler (worn)
 e - a +0 helmet (worn)
 m - a +0 chain mail (worn)
 o - a +0 pair of gloves (worn)
Jewellery
 g - an amulet of reflection (around neck)
 h - a ring of poison resistance (left hand)
Wands
 f - a wand of charming (4)
 q - a wand of quicksilver (5)
Scrolls
 n - 3 scrolls of magic mapping
Potions
 b - 2 potions of heal wounds {unknown}
 i - a potion of curing
 p - a potion of degeneration {unknown}


   Skills:
 + Level 4.4 Fighting
 * Level 5.0 Axes
 + Level 4.1 Armour
 + Level 4.1 Shields
 * Level 2.3 Invocations


You had 4 spell levels left.
You didn't know any spells.
Your spell library contained the following spells:

 Spells                   Type           Power      Damage    Failure   Level
 Sting                    Tmut/Pois      0%         1d3       98%         1
 Poisonous Vapours        Pois/Air       0%         N/A       99%         2
 Frozen Ramparts          Ice            0%         1d1       100%        3
 Ice Form                 Ice/Tmut       0%         N/A       100%        4
 Olgreb's Toxic Radiance  Pois           0%         N/A       100%        4
 Summon Ice Beast         Ice/Summ       0%         N/A       100%        4


Dungeon Overview and Level Annotations

Branches:
Dungeon (4/15)
 Temple: D:4-7

Altars:
Makhleb
Qazlal
Trog


Message History

The orc wizard casts a spell.
The orc wizard flickers and vanishes!
You block the orc priest's attack. Something hits you but does no damage.
You are electrocuted!
Your Invocations skill increases to level 2!
You slash the orc priest!
You kill the orc priest!
Makhleb accepts your kill.
You barely miss something. You miss something. Something hits you.
Something hits you but does no damage.
You are electrocuted!
* * * LOW HITPOINT WARNING * * *
You hear some strange, mumbled words.
You are confused.
You hear some strange, mumbled words.
A puff of flame appears from out of thin air!
The puff of flame hits you.
* * * LOW HITPOINT WARNING * * *
The kobold closely misses you.
Your Axes skill increases to level 5!
You feel better. Something hits you but does no damage.
You block the kobold's attack. Something hits you but does no damage.
You slash the kobold!
You kill the kobold!
Makhleb accepts your kill.
You hit something. You miss something. Something hits you but does no damage.
You hear some strange, mumbled words.
You are confused.
Something hits you.
You are electrocuted!
* * * LOW HITPOINT WARNING * * *
There is a stone staircase leading up here.
You feel better.
Something hits you. x2; You are electrocuted!
* * * LOW HITPOINT WARNING * * *
A goblin comes into view. It is wielding a +0 dagger.
You miss something.
The goblin shouts!
You hit something.
You hear a bark! x2
Something hits you.
* * * LOW HITPOINT WARNING * * *
Something hits you but does no damage.
You are electrocuted!
You die...

....... .....
#. . ..... ...
.. ##...###...
... #..........
#.).#..(.......
#..:..)†[......
#.....)..#
##..#..@.#
##.....#
....#......
..#..###.....
## #.. ..#.g
#.. .... ###
.... ..#


You could see a goblin.

Vanquished Creatures
  Crazy Yiuf (D:3)
  An orc priest (D:4)
  Ijyb (D:3)
  4 adders
  A worm (D:2)
  9 orcs
  5 endoplasms
  7 giant cockroaches
  6 goblins
  9 hobgoblins
  6 kobolds
  A quokka (D:1)
  5 ball pythons
  3 bats
  2 frilled lizards
  2 rats
63 creatures vanquished.

Notes
Turn   | Place    | Note
-------+----------+-------------------------------------------
     0 | D:1      | Graphine the Hill Orc Fighter began the quest for the Orb.
     0 | D:1      | Reached XP level 1. HP: 19/19 MP: 1/1
    99 | D:1      | Reached skill level 3 in Axes
   101 | D:1      | Reached XP level 2. HP: 27/27 MP: 2/2
   444 | D:1      | Reached XP level 3. HP: 33/33 MP: 3/3
  1599 | D:3      | Reached skill level 4 in Axes
  1605 | D:3      | Reached XP level 4. HP: 31/40 MP: 4/4
  1679 | D:3      | Noticed a water elemental
  1681 | D:3      | Found a stormy altar of Qazlal.
  1685 | D:3      | Noticed an air elemental
  1726 | D:3      | Noticed a fire elemental
  1729 | D:3      | Noticed an earth elemental
  1819 | D:3      | Found a runed translucent door.
  1820 | D:3      | Noticed Crazy Yiuf
  1913 | D:3      | Found a bloodstained altar of Trog.
  1959 | D:3      | Found a burning altar of Makhleb.
  2125 | D:3      | Became a worshipper of Makhleb the Destroyer
  2146 | D:3      | Noticed Ijyb
  2161 | D:3      | Killed Ijyb
  2162 | D:3      | Reached skill level 1 in Invocations
  2267 | D:3      | Reached XP level 5. HP: 47/47 MP: 5/5
  2591 | D:3      | Killed Crazy Yiuf
  2835 | D:4      | Reached skill level 5 in Axes
  2839 | D:4      | Mangled by an orc wizard

Illustrated notes

Levels and vault maps discovered:
D:1:      amcnicky_arrival_single_pillar, layout_basic
D:2:      layout_basic
D:3:      layout_basic, bloody_makhleb, nicolae_qazlal_style_of_elements,
          mainiacjoe_overflow_paths, uniq_ijyb, uniq_crazy_yiuf_cottage
D:4:      layout_cave_pools, nicolae_uskayaw_dance_hall

Skill      XL: |  1  2  3  4  5 |
---------------+----------------+-----
Axes           | 3 4 5 |  5.0
Fighting       | 4 |  4.4
Invocations    | 1 2 |  2.3
Armour         | 4 |  4.1
Shields        | 4 |  4.1

Action                     |  1- 3 |  4- 6 || total
---------------------------+-------+-------++-------
  Melee: War axe           |    84 |    91 ||   175
    Use: Scroll            |     4 |     1 ||     5
         Potion            |       |     3 ||     3
 Armour: Scale mail        |    28 |       ||    28
         Chain mail        |       |    51 ||    51
  Dodge: Dodged            |    36 |    29 ||    65
  Block: Buckler           |    32 |    33 ||    65
